Unix NetHack Version 3.7.0-62 Work-in-progress - last build Aug 2 2022 03:41:51 (7b5264baa3a103fe80b1e9c1437dbfbb09ed79b6,branch:master). Game began 2022-08-01 12:31:01, ended 2022-08-02 08:34:30. spontiff, neutral male gnomish Healer . -. |.| |.| |.| .- |. |.- |.|---- |.--.<--- |.@f....| |.......| |......-- |.....-- |.....| |.....| |.--.-- ---------- ------------ -----------.|--- .............*.......................| ---- --- Spontiff the Rhizotomist St:9 Dx:9 Co:17 In:8 Wi:18 Ch:15 Neutral S:1818 Dlvl:6 $:3116 HP:0(26) Pw:3(3) AC:4 Xp:1/0 T:3543 Latest messages: The world spins and goes dark. You are conscious again. What do you want to eat? [cnpuwyV or ?*] w You consume the last bite of your meal. What do you want to eat? [cnpuyV or ?*] ? Blecch! Rotten food! You feel rather light headed. You hear sinister laughter as you fall asleep... You wake up. What do you want to eat? [npuyV or ?*] c You don't have that object. What do you want to eat? [npuyV or ?*] ? This lichen corpse tastes fatty. You hear crashing rock. You finish eating the lichen corpse. You see here 11 rocks. You see here 11 rocks. The large cat drops a rock. You see here 11 rocks. You are empty handed. Pick an object. You descend the stairs. You hear a door open. #oh fuck off: unknown extended command. The hill orc picks up 8 rocks. What do you want to use or apply? [klosxSY or ?*] s In what direction? k Status of the hill orc (chaotic): Level 2 HP 7(7) AC 9. You stop. Your large cat is in the way! The hill orc wields an orcish dagger! The hill orc zaps a uranium wand! The wand hits you! What do you want to zap? [SY or ?*] ? In what direction? k The sleep ray hits the hill orc. The sleep ray bounces! The sleep ray hits the hill orc. The large cat bites the hill orc. The large cat bites the hill orc. The hill orc is killed! m - a uranium wand. What do you want to adjust? [abd-hj-suvx-zBDIQ-SVWY or ?*] m Adjust letter to what [cimtwACE-HJ-PTUXZ] (? see used letters)? N Moving: N - a uranium wand. What do you want to zap? [NSY or ?*] N In what direction? . You bash yourself! You die... Do you want your possessions identified? [ynq] (y) y Do you want to see the dungeon overview? [ynq] (y) q Major events: Turn 1: spontiff the neutral male gnomish Healer entered the dungeon 988: entered the Gnomish Mines 3525: reached Mine Town 3543: zapped himself with a wand Inventory: Weapons W - an uncursed +0 dart Armor B - an uncursed +0 helmet h - a blessed +0 orcish helm (being worn) g - an uncursed +1 pair of leather gloves (being worn) Q - a cursed +2 pair of leather gloves v - an uncursed +0 pair of speed boots (being worn) D - an uncursed +0 cloak of magic resistance q - an uncursed +0 dwarvish cloak (being worn) R - a cursed +1 robe d - an uncursed +0 leather armor (being worn) Comestibles y - an uncursed apple n - 6 uncursed food rations p - 2 uncursed tripe rations V - 2 cursed tripe rations u - an uncursed lichen corpse Scrolls f - an uncursed scroll of blank paper a - an uncursed scroll of destroy armor Potions I - a cursed potion of confusion j - a potion of holy water named HOLY Wands Y - an uncursed wand of sleep (0:8) S - an uncursed wand of sleep (0:6) N - an uncursed wand of striking (0:6) Tools x - an uncursed brass lantern k - an uncursed skeleton key s - an uncursed stethoscope o - a cursed tin whistle Gems/Stones r - 2 uncursed opals z - an uncursed worthless piece of green glass e - an uncursed worthless piece of orange glass b - an uncursed worthless piece of yellowish brown glass l - an uncursed luckstone Spontiff the Healer's attributes: Background: You were a Rhizotomist, a level 1 male gnomish Healer. You were neutral, on a mission for Hermes who was opposed by Athena (lawful) and Poseidon (chaotic). You were in the Gnomish Mines, on level 6. You entered the dungeon 3543 turns ago. You had 0 experience points, 20 were needed to attain level 2. Your score was 1818 before end-of-game adjustments. Basics: You had 0 out of 26 hit points. You had all 3 energy points (spell power). Your armor class was 4. Your wallet contained 3116 zorkmids. Autopickup was on for '$!/="?' plus thrown, with exceptions. Final Characteristics: Your strength was 9 (limit:18/50). Your dexterity was 9 (limit:18). Your constitution was 17 (limit:18). Your intelligence was 8 (limit:19). Your wisdom was 18 (limit:18). Your charisma was 15 (limit:18). Final Status: You were not hungry. You were unencumbered. You were empty handed. You were unskilled in bare handed combat. Final Attributes: You were devoutly aligned. You were poison resistant. You had infravision. You were warded. You were very fast. You were lucky. You had extra luck. Bad luck did not time out for you. Good luck did not time out for you. You are dead. Miscellaneous: You encountered 1 bones level. Total elapsed playing time was 1 hour, 39 minutes and 19 seconds. Vanquished creatures: 2 ghosts a gnome leader a kitten 2 dwarves 2 homunculi a hill orc a giant bat a monkey an acid blob 2 gas spores 2 hobbits a hobgoblin 3 giant rats 3 yellow molds 2 red molds 8 gnomes a garter snake 3 geckos 8 jackals 3 foxes a kobold 2 goblins 8 grid bugs 8 lichens 2 kobold zombies 10 newts 79 creatures vanquished. No species were genocided or became extinct. Voluntary challenges: You never hit with a wielded weapon. You were a pacifist. You read items or engraved 2 times. You never engraved Elbereth. You never genocided any monsters. You never polymorphed an object. You never changed form. You used no wishes. Achievements: You entered the Gnomish Mines. You entered a shop. You entered Minetown. The Dungeons of Doom: levels 1 to 3 Level 1: "Stashlet" Many fountains. Level 2: A general store. Stairs down to The Gnomish Mines. Level 3: The Gnomish Mines: levels 3 to 6 Level 3: "Stashlet" Level 4: "magic traps" Some graves. Final resting place for MoonPig-Mon-Hum-Fem-Cha, killed by a gnome, while frozen by a floating eye's gaze, kscheirer-Wiz-Elf-Fem-Cha, killed by a crossbow bolt. Level 5: Level 6: <- You were here. Final resting place for you, zapped yourself with a wand. Game over: ---------- / \ / REST \ / IN \ / PEACE \ / \ | spontiff | | 3116 Au | | zapped himself | | with a wand | | | | | | 2022 | *| * * * | * _________)/\\_//(\/(/\)/\//\/|_)_______ Goodbye spontiff the Healer... You died in The Gnomish Mines on dungeon level 6 with 1662 points, and 3116 pieces of gold, after 3543 moves. You were level 1 with a maximum of 26 hit points when you died.